Map: Realities Simulation LE

Players

Throwfordays - Winner!

  • Race: Protoss Protoss
  • Spawn Location: 11:00

Cthulhu - Winner!

  • Race: Terran Terran
  • Spawn Location: 9:00

Faust - Winner!

  • Race: Zerg Zerg
  • League: Diamond
  • Spawn Location: 12:00

Gabex

  • Race: Terran Terran
  • Spawn Location: 5:00

Jeank

  • Race: Protoss Protoss
  • Spawn Location: 6:00

TGPupps

  • Race: Terran Terran
  • Spawn Location: 3:00

VOD

Have the link to the VOD?

Description

Time

  • Played on: March 22, 2021, 11:30 p.m.
  • Length: 11:58
Show
View Real Time Build Order
Export as new Build Order

Throwfordays Protoss - Winner!

Build Orders: Nexus First 

Get SALT Encoding   

  12  0:00  Probe  
  13  0:12  Probe  
  14  0:18  Pylon  
  14  0:24  Probe  
  15  0:36  Assimilator  
  15  0:37  Probe  
  16  0:49  Probe  
  17  1:05  Nexus  
  17  1:10  Probe  
  18  1:22  Probe  
  19  1:27  Forge  
  19  1:33  Assimilator  
  19  1:34  Probe  
  20  1:46  Probe  
  21  1:56  Gateway  
  21  1:58  Probe  
  22  2:10  Probe  
  22  2:15  Pylon  
  23  2:17  Probe (Chrono Boost)  
  23  2:21  Photon Cannon  
  24  2:29  Probe (Chrono Boost)  
  26  2:31  Probe (Chrono Boost)  
  26  2:36  Probe (Chrono Boost)  
  27  2:39  Probe (Chrono Boost)  
  27  2:43  Cybernetics Core  
  27  2:44  Probe  
  28  2:50  Probe  
  30  2:54  Photon Cannon  
  30  3:12  Photon Cannon  
  30  3:15  Probe  
  30  3:16  Probe  
  30  3:18  Pylon  
  32  3:21  Stargate  
  33  3:27  Probe  
  33  3:28  Probe  
  33  3:33  Pylon  
  34  3:38  Protoss Shields Level 1 (Chrono Boost), Warp Gate (Chrono Boost)  
  34  3:39  Probe  
  34  3:40  Probe  
  36  3:51  Probe  
  36  3:52  Probe  
  38  3:58  Assimilator  
  38  4:00  Assimilator  
  38  4:03  Probe  
  38  4:04  Probe  
  44  4:10  Phoenix  
  44  4:15  Probe  
  44  4:17  Photon Cannon, Probe  
  44  4:19  Photon Cannon  
  44  4:27  Probe  
  44  4:29  Probe  
  44  4:31  Stargate  
  46  4:33  Stargate  
  46  4:36  Stargate  
  46  4:39  Probe  
  47  4:58  Void Ray  
  51  5:15  Twilight Council  
  51  5:16  Protoss Air Weapons Level 1  
  51  5:17  Pylon  
  51  5:24  Pylon  
  51  5:39  Void Ray x2  
  51  5:44  Nexus  
  51  5:46  Pylon, Void Ray  
  59  5:50  Assimilator  
  59  5:54  Assimilator  
  59  5:57  Void Ray  
  67  6:11  Photon Cannon  
  67  6:14  Photon Cannon  
  67  6:17  Photon Cannon  
  68  6:18  Probe  
  68  6:20  Photon Cannon  
  68  6:22  Void Ray, Probe  
  68  6:24  Void Ray  
  69  6:30  Probe  
  78  6:34  Probe  
  79  6:42  Probe  
  79  6:46  Probe  
  81  6:55  Photon Cannon  
  81  6:58  Probe  
  82  7:02  Probe  
  82  7:08  Void Ray x2  
  83  7:09  Probe  
  83  7:10  Probe  
  83  7:11  Void Ray  
  83  7:14  Probe  
  94  7:21  Probe  
  94  7:22  Probe  
  100  7:26  Probe  
  101  7:39  Pylon  
  101  7:41  Pylon  
  101  7:44  Pylon  
  101  7:49  Pylon  
  101  7:51  Void Ray  
  101  7:57  Probe x3  
  108  8:01  Protoss Shields Level 2  
  108  8:09  Probe x3  
  108  8:11  Nexus  
  108  8:12  Void Ray  
  111  8:15  Void Ray  
  111  8:19  Fleet Beacon  
  115  8:20  Void Ray  
  115  8:21  Protoss Air Armor Level 1 (Chrono Boost)  
  123  8:42  Assimilator  
  123  8:47  Assimilator  
  123  8:52  Cybernetics Core  
  123  8:57  Stargate  
  123  8:59  Stargate  
  123  9:02  Void Ray  
  123  9:04  Flux Vanes  
  127  9:15  Probe  
  128  9:24  Probe  
  129  9:25  Probe  
  129  9:27  Probe  
  129  9:30  Void Ray  
  129  9:31  Void Ray  
  131  9:36  Probe  
  131  9:37  Void Ray, Probe  
  141  9:39  Probe  
  141  9:41  Protoss Air Weapons Level 2 (Chrono Boost)  
  146  9:48  Probe  
  146  9:49  Probe  
  148  10:00  Pylon x2  
  148  10:01  Anion Pulse-Crystals  
  148  10:02  Pylon  
  148  10:04  Pylon  
  148  10:06  Pylon  
  148  10:07  Pylon  
  148  10:08  Pylon  
  148  10:12  Void Ray x3  
  148  10:18  Probe  
  161  10:30  Probe  
  162  10:42  Probe  
  163  10:54  Probe  
  164  11:06  Probe  
  164  11:10  Void Ray  
  164  11:11  Void Ray x5  
  189  11:18  Probe  
Show
View Real Time Build Order
Export as new Build Order

Cthulhu Terran - Winner!

Build Orders:  

Get SALT Encoding   

  12  0:01  SCV  
  13  0:13  SCV  
  14  0:19  Supply Depot  
  14  0:25  SCV  
  15  0:39  Refinery  
  15  0:41  SCV  
  16  0:47  Barracks  
  16  1:00  SCV  
  17  1:12  SCV  
  18  1:24  SCV  
  19  1:31  Refinery  
  19  1:39  Supply Depot  
  19  1:42  Marine  
  20  1:49  Orbital Command, Factory  
  20  2:17  Command Center  
  20  2:21  SCV  
  21  2:30  Marine  
  22  2:39  Starport  
  22  2:44  Factory Reactor  
  22  2:45  SCV  
  23  2:59  Marine, SCV  
  25  3:15  Starport  
  25  3:26  Armory  
  25  3:28  Viking, Factory Reactor  
  25  3:32  Orbital Command  
  27  3:38  SCV  
  28  3:45  Marine  
  29  3:52  SCV  
  30  3:59  Viking  
  32  4:10  Viking x2  
  36  4:31  Viking  
  36  4:32  Viking  
  36  4:36  Supply Depot  
  40  4:40  Engineering Bay  
  40  5:16  Viking  
  40  5:17  Viking  
  44  5:22  Terran Ship Weapons Level 1  
  44  5:28  SCV  
  44  5:29  Refinery x2, SCV  
  44  5:35  Supply Depot  
  46  5:40  SCV  
  46  5:41  SCV  
  48  6:01  SCV x2, Viking  
  48  6:02  Viking x2  
  54  6:41  SCV x2  
  54  6:42  Viking  
  54  6:43  Viking x2  
  62  6:59  Widow Mine  
  62  7:13  Viking  
  60  7:18  Viking  
  60  7:19  Viking  
  60  7:20  Widow Mine  
  62  7:26  Supply Depot  
  62  7:27  Supply Depot  
  62  7:29  Viking, SCV x2  
  66  7:41  SCV  
  66  7:43  Viking  
  69  7:48  Viking  
  71  7:59  Viking, Sensor Tower  
  73  8:13  Viking  
  75  8:23  Terran Ship Weapons Level 2  
  75  8:29  Viking  
  71  9:17  SCV x2  
  71  9:18  Viking  
  71  9:19  Viking  
  71  9:22  Liberator x2  
  85  9:38  Widow Mine  
  85  10:08  Liberator x4  
  87  11:04  Viking x2, Liberator x2  
  87  11:09  SCV x2  
Show
View Real Time Build Order
Export as new Build Order

Faust Zerg - Winner!

Build Orders: Pool First, Muta Ling Bane 

Get SALT Encoding   

  12  0:21  Drone  
  12  0:22  Drone  
  12  0:26  Overlord  
  14  0:36  Spawning Pool  
  14  0:42  Drone  
  14  0:51  Drone  
  14  0:54  Drone  
  16  1:13  Drone  
  17  1:20  Hatchery  
  16  1:26  Queen  
  16  1:31  Drone  
  19  1:33  Drone  
  19  1:38  Drone  
  21  2:11  Queen  
  21  2:12  Extractor  
  23  2:23  Hatchery  
  22  2:31  Overlord  
  22  2:33  Drone x3  
  22  2:34  Queen  
  27  2:38  Drone  
  28  2:53  Drone x4  
  32  3:03  Drone  
  33  3:08  Drone x3  
  33  3:10  Overlord x2  
  36  3:28  Extractor  
  36  3:30  Extractor  
  36  3:32  Extractor  
  36  3:33  Drone  
  36  3:34  Extractor, Drone  
  35  3:36  Drone x2  
  35  3:37  Drone  
  37  3:53  Drone x3  
  37  3:54  Drone x3  
  43  3:56  Drone x3  
  43  3:58  Drone x2  
  43  4:02  Queen  
  50  4:09  Drone x2  
  46  4:13  Drone x4  
  46  4:16  Spore Crawler  
  47  4:29  Drone x6  
  53  4:33  Spore Crawler  
  53  4:34  Drone  
  53  4:36  Lair  
  53  4:37  Drone  
  54  4:41  Drone  
  55  4:46  Spore Crawler  
  54  4:54  Drone x4  
  58  5:00  Extractor, Overlord x2  
  58  5:03  Extractor  
  56  5:20  Drone x3  
  56  5:21  Drone x3  
  62  5:22  Drone x3  
  65  5:31  Drone  
  65  5:32  Drone x2, Overlord  
  68  5:40  Spire  
  67  5:43  Drone x2  
  67  5:44  Drone  
  67  5:48  Extractor, Hatchery  
  66  5:52  Extractor, Drone x3  
  68  6:02  Spore Crawler  
  67  6:07  Metabolic Boost  
  67  6:11  Evolution Chamber  
  66  6:14  Evolution Chamber  
  66  6:16  Drone x4, Infestation Pit  
  68  6:19  Drone x4  
  68  6:20  Drone x2, Overlord  
  68  6:23  Overlord  
  74  6:25  Overlord  
  74  6:32  Drone x3  
  77  6:33  Drone  
  77  6:34  Drone  
  77  6:35  Drone  
  77  6:39  Drone  
  81  6:40  Baneling Nest  
  81  6:42  Zerg Melee Weapons Level 1  
  80  6:48  Zerg Ground Armor Level 1  
  80  6:58  Mutalisk x5  
  80  6:59  Mutalisk  
  80  7:01  Mutalisk  
  92  7:06  Mutalisk x2  
  92  7:08  Mutalisk  
  98  7:12  Mutalisk x2  
  104  7:17  Zerg Flyer Weapons Level 1  
  104  7:20  Hive  
  104  7:25  Mutalisk x2  
  104  7:27  Overlord  
  104  7:29  Overlord  
  108  7:30  Mutalisk  
  110  7:38  Drone x2  
  112  7:46  Drone x8  
  112  7:49  Drone x3  
  112  7:50  Drone x4  
  127  7:55  Centrifical Hooks  
  127  8:27  Overlord x2  
  127  8:28  Overlord x3  
  127  8:35  Overlord  
  127  8:36  Overlord x2  
  121  9:01  Mutalisk  
  121  9:02  Mutalisk x19  
  159  9:11  Zerg Flyer Weapons Level 2  
  159  9:17  Adrenal Glands  
  159  9:20  Extractor x2  
  159  9:21  Hatchery  
  159  9:24  Drone x4  
  158  9:25  Drone x2  
  158  9:29  Spore Crawler  
  161  9:35  Drone x5  
  161  9:36  Drone x2  
  161  9:37  Overlord x3  
  168  9:40  Zerg Melee Weapons Level 2, Zerg Ground Armor Level 2  
  168  9:46  Spire  
  167  9:57  Drone  
  167  9:58  Drone x6  
  150  10:43  Corruptor x12  
  150  10:44  Corruptor  
  150  10:51  Corruptor x2  
  141  11:10  Queen  
  135  11:30  Drone x3  
  135  11:31  Drone x2  
  135  11:32  Drone x6  
  146  11:53  Extractor  
Show
View Real Time Build Order
Export as new Build Order

Gabex Terran 

Build Orders:  

Get SALT Encoding   

  12  0:01  SCV  
  14  0:14  SCV  
  14  0:18  Supply Depot  
  14  0:26  SCV  
  15  0:33  Supply Depot  
  15  0:40  SCV  
  16  0:52  SCV  
  16  0:56  Barracks  
  17  1:05  Refinery, SCV  
  18  1:20  SCV  
  19  1:32  SCV  
  20  1:49  Barracks Reactor  
  20  1:50  Command Center  
  20  1:53  Orbital Command  
  20  2:04  Refinery  
  20  2:19  Barracks  
  20  2:20  SCV  
  21  2:26  Marine x2  
  23  2:33  SCV  
  24  2:39  Factory  
  24  2:43  Marine  
  24  2:44  Marine  
  26  2:45  SCV  
  27  2:57  SCV  
  28  3:01  Marine x2  
  28  3:02  SCV  
  31  3:08  Barracks Tech Lab  
  31  3:09  SCV  
  32  3:14  SCV  
  32  3:19  Marine x2  
  35  3:21  SCV  
  35  3:22  Factory Reactor  
  35  3:25  Starport  
  35  3:26  SCV  
  37  3:33  SCV  
  38  3:37  Stimpack  
  38  3:38  SCV  
  39  3:43  Engineering Bay  
  39  3:45  SCV  
  40  3:50  SCV  
  40  3:51  Marine  
  40  3:52  Marine  
  43  3:57  SCV  
  45  4:02  SCV  
  45  4:09  SCV  
  46  4:16  Barracks  
  46  4:22  Factory Tech Lab  
  46  4:32  Supply Depot  
  46  4:33  Supply Depot  
  46  4:36  Supply Depot  
  46  4:43  Refinery  
  46  4:53  Marine x2, Medivac x2  
  46  4:54  SCV x2  
  54  5:06  SCV x2  
  56  5:10  Barracks Reactor  
  56  5:13  Marine x2  
  56  5:14  Marine  
  58  5:17  Siege Tank  
  58  5:18  SCV x2  
  58  5:20  Terran Infantry Weapons Level 1  
  64  5:23  Missile Turret  
  64  5:30  Missile Turret  
  64  5:31  Marine x2, SCV  
  64  5:32  Marine, SCV  
  69  5:42  Refinery  
  69  5:46  Marine  
  70  5:58  Supply Depot  
  70  6:01  Supply Depot  
  70  6:02  Supply Depot  
  70  6:03  Supply Depot  
  70  6:19  Marine x5  
  70  6:21  Supply Depot  
  75  6:37  Marine  
  75  6:38  Marine x3  
  49  7:07  SCV  
  50  7:17  Siege Tank  
  50  7:19  SCV  
  54  7:31  SCV  
  55  7:43  SCV  
  56  7:48  Orbital Command  
  56  7:49  Siege Tank  
  59  7:55  SCV  
  60  8:07  SCV  
  60  8:10  Marine x4  
  60  8:11  Marine  
  66  8:15  Combat Shield  
  66  8:16  Barracks  
  66  8:18  Terran Infantry Armor Level 1  
  66  8:19  SCV  
  67  8:21  Armory  
  67  8:28  Marine  
  67  8:31  Marine, SCV  
  67  8:32  Marine x3  
  73  8:43  SCV  
  74  9:02  Viking x2  
  78  9:10  Barracks Reactor  
  78  9:11  Starport  
  78  9:19  Engineering Bay  
  78  9:20  SCV  
  78  9:23  SCV  
  80  9:32  SCV  
  80  9:33  Terran Ship Weapons Level 1  
  80  9:35  SCV  
  82  9:39  Viking x2  
  82  9:45  SCV  
  87  9:47  SCV  
  88  9:59  SCV  
  89  10:06  Viking  
  86  10:07  Viking  
  91  10:09  Viking x2  
  91  10:11  SCV  
  89  10:53  Viking x2  
  89  10:54  Viking x2  
  97  11:23  Viking x2  
  97  11:24  Viking x2  
Show
View Real Time Build Order
Export as new Build Order

Jeank Protoss 

Build Orders: 1 Gate Expand, Oracle Opening 

Get SALT Encoding   

  12  0:00  Probe  
  13  0:12  Probe  
  14  0:20  Pylon  
  14  0:34  Probe  
  15  0:39  Gateway  
  15  0:46  Probe  
  16  0:52  Assimilator  
  16  0:58  Probe  
  17  1:10  Probe  
  18  1:22  Probe  
  19  1:32  Cybernetics Core  
  19  1:35  Probe  
  20  1:44  Nexus  
  20  1:51  Pylon  
  20  1:55  Probe  
  21  2:07  Pylon, Warp Gate (Chrono Boost), Probe  
  22  2:16  Assimilator  
  22  2:21  Probe  
  23  2:33  Stargate  
  23  2:36  Probe  
  24  2:44  Pylon  
  24  2:49  Forge  
  24  2:57  Probe (Chrono Boost)  
  24  2:58  Probe (Chrono Boost)  
  26  3:09  Probe (Chrono Boost)  
  28  3:15  Oracle (Chrono Boost), Probe (Chrono Boost)  
  28  3:18  Probe (Chrono Boost)  
  32  3:26  Pylon, Probe  
  32  3:27  Probe  
  34  3:36  Photon Cannon  
  34  3:40  Probe  
  34  3:41  Probe  
  36  3:53  Probe x2  
  38  4:05  Probe  
  39  4:23  Photon Cannon, Probe x2  
  41  4:27  Pylon, Stargate  
  41  4:30  Fleet Beacon  
  41  4:33  Gateway  
  41  4:34  Shield Battery  
  41  4:37  Pylon  
  42  4:40  Probe (Chrono Boost)  
  42  4:43  Shield Battery  
  42  4:46  Probe (Chrono Boost)  
  42  4:50  Assimilator  
  42  4:51  Assimilator  
  43  4:56  Oracle (Chrono Boost)  
  43  5:17  Probe x2  
  45  5:27  Photon Cannon  
  45  5:30  Photon Cannon  
  45  5:31  Gateway  
  45  5:32  Nexus  
  45  5:40  Probe x2  
  44  5:51  Protoss Shields Level 1  
  44  5:57  Forge  
  44  5:59  Gateway  
  44  6:02  Assimilator  
  44  6:03  Assimilator  
  44  6:07  Twilight Council, Pylon  
  44  6:18  Stalker x2  
  46  6:36  Photon Cannon  
  46  6:43  Stalker x2  
  46  6:44  Stalker  
  46  6:46  Charge  
  52  6:52  Templar Archives  
  52  7:06  Stalker  
  52  7:07  Stalker  
  56  7:22  Probe x3  
  59  7:31  Pylon  
  59  7:34  Probe (Chrono Boost)  
  59  7:35  Probe x2 (Chrono Boost)  
  62  7:37  Protoss Ground Weapons Level 1  
  62  7:38  Psionic Storm  
  62  7:40  Zealot x3  
  62  7:41  Zealot  
  70  7:46  Probe (Chrono Boost)  
  70  7:47  Probe x2 (Chrono Boost)  
  73  7:53  Carrier (Chrono Boost)  
  79  8:11  Pylon  
  79  8:13  Pylon  
  79  8:16  Pylon  
  79  8:29  High Templar x2  
  79  8:32  Photon Cannon  
  83  8:35  Photon Cannon  
  83  8:36  Shield Battery  
  83  8:37  Shield Battery  
  83  8:38  Photon Cannon  
  83  8:43  Probe (Chrono Boost)  
  83  8:48  Probe x2 (Chrono Boost)  
  86  8:53  Zealot  
  86  8:54  Zealot  
  90  8:56  Probe (Chrono Boost)  
  90  9:14  Tempest  
  93  9:20  Stargate  
  93  9:21  Stargate  
  93  9:28  Photon Cannon  
  93  9:30  Pylon  
  93  9:41  Pylon  
  93  9:47  Stargate  
  93  9:48  Stargate  
  93  9:49  Stargate  
  93  9:50  Stargate  
  93  10:05  Tempest  
  98  10:13  Stalker x2  
  98  10:14  Stalker x2  
  83  10:39  Tempest (Chrono Boost)  
  86  11:12  Tempest x2 (Chrono Boost)  
Show
View Real Time Build Order
Export as new Build Order

TGPupps Terran 

Build Orders:  

Get SALT Encoding   

  12  0:00  SCV  
  13  0:13  SCV  
  14  0:19  Supply Depot  
  14  0:25  SCV  
  15  0:41  SCV  
  16  0:42  Barracks  
  16  0:53  SCV  
  16  0:56  Refinery  
  17  1:05  SCV  
  18  1:19  SCV  
  19  1:31  Supply Depot, SCV  
  20  1:38  Marine  
  21  1:43  SCV  
  22  1:56  Marine  
  23  2:15  Refinery  
  24  2:16  Orbital Command  
  24  2:18  Factory  
  23  2:23  Barracks Tech Lab  
  23  2:32  Barracks Reactor  
  23  2:41  Supply Depot  
  23  2:44  SCV  
  24  2:56  SCV  
  25  3:04  Supply Depot  
  25  3:09  Starport  
  25  3:33  Armory  
  25  3:38  SCV  
  26  3:41  Marine  
  26  3:42  Marine  
  28  3:49  Starport Tech Lab  
  28  3:50  SCV  
  28  3:52  Fusion Core  
  29  3:59  Marine x2  
  31  4:12  Factory  
  31  4:17  Marine x2  
  31  4:22  Terran Vehicle Weapons Level 1  
  33  4:25  Supply Depot  
  33  4:31  SCV  
  34  4:43  SCV, Command Center  
  35  4:49  Refinery  
  35  4:50  Marine x2  
  35  4:51  Refinery  
  37  4:55  SCV  
  38  5:00  Factory Reactor  
  38  5:07  SCV  
  38  5:11  Starport  
  38  5:12  Factory Reactor  
  39  5:32  SCV  
  40  5:44  SCV  
  41  5:56  SCV  
  42  6:05  SCV  
  42  6:09  SCV  
  44  6:15  Hellbat x4  
  44  6:17  SCV  
  53  6:19  Battlecruiser  
  59  6:36  Hellbat x4  
  67  6:45  Marine x2  
  69  7:03  Marine  
  70  7:23  Supply Depot  
  70  7:24  Supply Depot  
  70  7:25  Supply Depot  
  70  7:26  Supply Depot  
  70  7:39  Starport Tech Lab  
  70  7:45  Marine, SCV x2, Hellbat x3  
  70  7:46  Hellbat  
  70  7:47  Supply Depot  
  70  7:48  Supply Depot  
  70  7:49  Supply Depot  
  70  7:50  Supply Depot  
  81  7:57  SCV x2  
  83  8:01  Starport  
  83  8:04  Terran Vehicle Weapons Level 2  
  82  8:09  SCV  
  63  8:28  SCV x2  
  65  8:40  SCV x2  
  64  8:52  SCV x2  
  64  8:53  Battlecruiser  
  69  9:04  SCV  
  69  9:05  Battlecruiser  
  76  9:22  SCV x2  
  78  9:34  SCV x2  
  78  9:37  Starport Tech Lab  
  80  9:39  Starport Reactor  
  80  9:41  Starport  
  80  10:00  SCV x2  
  82  10:10  Hellbat  
  82  10:12  SCV x2  
  86  10:24  SCV x2  
  88  10:36  SCV x2  
  90  10:48  SCV  
Tags
 
Add a new tag
Caveats
  • Supply blocks, unpowered buildings, or Contaminate may cause inaccurate times.
  • Supply counts are checked every 10 seconds.